Map: Catalyst LE

Players

Terradin - Winner!

  • Race: Terran Terran
  • League: Master
  • Spawn Location: 5:00

YourMajesty

  • Race: Protoss Protoss
  • League: Diamond
  • Spawn Location: 11:00

VOD

Have the link to the VOD?

Description

Time

  • Played on: Aug. 2, 2018, 3:49 a.m.
  • Length: 9:03
Show
View Real Time Build Order
Export as new Build Order

Terradin Terran - Winner!

Build Orders: Reaper Expand, MMM Bio 

Get SALT Encoding   

  12  0:01  SCV  
  13  0:13  SCV  
  14  0:17  Supply Depot  
  14  0:25  SCV  
  15  0:39  SCV  
  15  0:40  Barracks  
  16  0:45  Refinery  
  16  0:51  SCV  
  17  1:03  SCV  
  18  1:15  SCV  
  19  1:28  Orbital Command  
  19  1:29  Reaper  
  20  1:45  Command Center  
  20  1:53  SCV  
  21  1:59  Barracks  
  21  2:09  Barracks Reactor  
  21  2:14  SCV  
  22  2:17  Supply Depot  
  22  2:25  Barracks  
  22  2:26  SCV  
  23  2:38  SCV  
  24  2:46  Marine x2  
  24  2:48  Barracks Tech Lab  
  24  2:50  SCV  
  27  2:57  Orbital Command  
  27  3:02  SCV  
  27  3:05  Bunker, Engineering Bay  
  28  3:11  Stimpack  
  28  3:14  Barracks Tech Lab  
  28  3:19  Marine x3  
  30  3:30  SCV x2  
  30  3:33  Combat Shields  
  30  3:34  Marine  
  32  3:37  Marine  
  34  3:46  Refinery  
  34  3:49  SCV x2  
  34  3:51  Supply Depot  
  34  3:53  Marine x2  
  34  3:54  Marine  
  39  3:59  Terran Infantry Weapons Level 1  
  39  4:01  SCV  
  40  4:08  Marine  
  41  4:11  Marine  
  41  4:15  Supply Depot  
  41  4:16  Marauder  
  44  4:17  Marauder  
  44  4:18  SCV x2  
  48  4:26  Supply Depot  
  48  4:28  Marine  
  48  4:29  Marine  
  48  4:30  SCV x2  
  52  4:39  Marauder x2  
  52  4:42  SCV x2  
  58  4:46  Marine  
  58  4:47  Refinery  
  59  4:57  Marine  
  59  4:59  Concussive Shells, SCV  
  61  5:00  Marine, Marauder, SCV  
  64  5:15  SCV x2  
  64  5:16  Factory  
  66  5:21  Marauder, Barracks  
  66  5:23  Barracks  
  66  5:27  SCV  
  70  5:30  Marine  
  70  5:34  Supply Depot  
  70  5:36  Supply Depot  
  70  5:47  Barracks  
  70  5:53  Terran Infantry Armor Level 1  
  70  5:56  Reaper, Marine, Marauder, SCV x2  
  76  6:00  Marine  
  70  6:13  Marine  
  70  6:18  Marine, Marauder  
  59  6:24  Barracks Tech Lab  
  59  6:27  Factory Reactor  
  59  6:28  Marauder  
  59  6:29  Starport  
  60  6:36  Barracks Tech Lab  
  60  6:38  Barracks Reactor  
  60  6:39  Marauder  
  62  6:41  Marine x2  
  64  6:47  Marauder  
  64  6:50  Marauder  
  64  6:53  Supply Depot x3  
  68  6:56  Marauder  
  68  7:00  Marine x2, Marauder  
  74  7:09  Marauder  
  74  7:11  Marauder  
  74  7:15  Marine x2  
  79  7:16  Medivac  
  79  7:17  Marauder, Medivac  
  79  7:19  Marine x2  
  79  7:22  Marauder  
  90  7:30  Marauder  
  90  7:33  Marine x2, Marauder  
  90  7:36  Marine  
  90  7:37  Marine  
  97  7:38  Marauder, Supply Depot  
  97  7:40  Supply Depot  
  97  7:43  Marauder  
  97  7:44  Supply Depot  
  102  7:52  Marauder  
  102  7:54  Marauder  
  106  7:59  Marine x2  
  106  8:00  Marine x2, Marauder  
  106  8:01  Medivac  
  106  8:05  Marauder  
  116  8:08  Medivac  
  118  8:13  Marauder  
  118  8:15  Marine  
  121  8:22  Marine x4, Marauder  
  121  8:26  Marauder  
  128  8:33  Marine  
  129  8:38  Marauder  
  129  8:40  Marine  
Show
View Real Time Build Order
Export as new Build Order

YourMajesty Protoss 

Build Orders:  

Get SALT Encoding   

  12  0:02  Probe  
  13  0:14  Probe  
  13  0:21  Pylon  
  14  0:26  Probe  
  15  0:36  Probe  
  15  0:39  Gateway  
  16  0:44  Probe  
  16  0:49  Assimilator  
  17  0:52  Probe  
  18  1:00  Probe  
  19  1:08  Probe  
  20  1:20  Probe  
  21  1:27  Cybernetics Core  
  21  1:32  Probe  
  22  1:45  Nexus  
  22  1:49  Probe  
  22  1:53  Pylon  
  23  2:01  Assimilator  
  23  2:03  Adept  
  23  2:06  Warp Gate  
  23  2:14  Probe  
  25  2:26  Probe  
  25  2:28  Adept  
  28  2:38  Probe  
  28  2:50  Probe  
  29  2:54  Twilight Council  
  29  2:58  Probe  
  29  2:59  Pylon  
  29  3:03  Probe  
  29  3:04  Stalker  
  33  3:06  Probe  
  34  3:14  Probe  
  34  3:15  Probe  
  36  3:25  Probe  
  37  3:27  Probe  
  37  3:31  Resonating Glaives  
  37  3:33  Probe  
  38  3:39  Probe  
  40  3:41  Probe  
  41  3:48  Pylon  
  41  3:51  Probe  
  42  3:56  Robotics Facility  
  42  4:01  Probe  
  43  4:03  Probe  
  44  4:13  Probe  
  44  4:15  Probe  
  46  4:17  Sentry  
  46  4:23  Forge  
  48  4:24  Gateway  
  48  4:25  Probe  
  48  4:27  Probe  
  48  4:28  Gateway  
  50  4:37  Probe, Observer  
  51  4:39  Probe  
  51  4:41  Assimilator  
  51  4:45  Assimilator  
  53  4:47  Pylon  
  52  4:55  Observer  
  52  4:58  Probe x2  
  55  5:05  Adept  
  57  5:10  Probe x2  
  57  5:11  Protoss Ground Weapons Level 1  
  59  5:14  Nexus  
  59  5:16  Pylon  
  59  5:19  Blink  
  59  5:21  Stalker  
  61  5:22  Immortal  
  61  5:23  Stalker  
  61  5:25  Probe x2  
  69  5:36  Adept  
  69  5:38  Probe x2  
  73  5:42  Forge  
  73  5:49  Pylon  
  73  5:50  Probe x2  
  73  5:52  Sentry  
  76  6:01  Shield Battery  
  76  6:03  Shield Battery  
  76  6:11  Adept x2  
  69  6:13  Probe x2  
  62  6:25  Probe  
  62  6:26  Probe  
  62  6:28  Protoss Ground Armor Level 1  
  64  6:34  Nexus  
  64  6:37  Probe  
  64  6:38  Probe  
  66  6:41  Pylon  
  66  6:47  Templar Archives  
  66  6:50  Probe x2  
  68  6:58  Adept x3  
  74  7:02  Probe x2  
  74  7:06  Shield Battery x2  
  76  7:12  Immortal  
  76  7:14  Probe x2  
  78  7:22  Gateway  
  82  7:24  Gateway  
  82  7:25  Sentry  
  82  7:26  Probe x2  
  86  7:33  Psionic Storm  
  86  7:36  Pylon  
  86  7:40  Pylon  
  90  7:51  Immortal  
  90  7:58  High Templar  
  90  7:59  High Templar x2  
  96  8:25  Adept  
  96  8:26  Adept x2  
  101  8:28  Adept  
  102  8:37  High Templar  
  102  8:40  Archon  
  102  8:41  Archon  
  87  8:56  Adept x3  
  87  8:57  Adept  
Tags
 
Composition
MMM Bio
Matchup
PvT
Spawn Locations
Cross Positions
Add a new tag
Caveats
  • Supply blocks, unpowered buildings, or Contaminate may cause inaccurate times.
  • Supply counts are checked every 10 seconds.